 Dungeon Crawl Stone Soup version 0.25-a0-1073-gf4359a17dd (webtiles) character file.

Game seed: 7070517024508444298, levelgen mode: deterministic

160 Flugslaktarn the Covered (level 5, -2/49 HPs)
             Began as a Deep Dwarf Fighter on May 14, 2020.
             Slain by an ogre
             ... wielding a +0 giant club
              (21 damage)
             ... on level 4 of the Dungeon.
             The game lasted 00:00:24 (454 turns).

Flugslaktarn the Covered (Deep Dwarf Fighter)        Turns: 454, Time: 00:00:25

Health: -2/49      AC:  9    Str: 20    XL:     5   Next: 17%
Magic:  4/4        EV:  5    Int:  8    God:
Gold:   39         SH:  9    Dex: 13    Spells: 4/4 levels left

rFire    . . .     SeeInvis .   a - +0 war axe
rCold    . . .     Gourm    .   c - +0 kite shield
rNeg     . . .     Faith    .   h - +0 chain mail {MR+}
rPois    .         Spirit   .   (no helmet)
rElec    .         Reflect  .   (no cloak)
rCorr    .         Harm     .   (no gloves)
MR       +....                  (no boots)
Stlth    ..........             (no amulet)
HPRegen  0.00/turn              (no ring)
MPRegen  0.09/turn              (no ring)

@: non-regenerating
A: damage resistance, heal wounds, sense surroundings 1, no regeneration
a: Heal Wounds


You were on level 4 of the Dungeon.
You were not hungry.

You visited 1 branch of the dungeon, and saw 4 of its levels.

You collected 39 gold pieces.

Inventory:

Hand Weapons
 a - a +0 war axe (weapon)
Armour
 c - a +0 kite shield (worn)
 h - a +0 chain mail of magic resistance (worn)
   (You found it on level 1 of the Dungeon)
Scrolls
 f - 2 scrolls of remove curse {unknown}
 j - a scroll of amnesia {unknown}
 k - a scroll of enchant weapon {unknown}
Potions
 b - a potion of degeneration {unknown}
 d - a potion of might
 g - a potion of invisibility {unknown}
 l - a potion of resistance {unknown}
Comestibles
 e - 3 rations
 i - 17 chunks of flesh


   Skills:
 + Level 3.4 Fighting
 * Level 4.1 Axes
 + Level 4.1 Armour
 + Level 4.1 Shields


You had 4 spell levels left.
You didn't know any spells.
Your spell library was empty.

Dungeon Overview and Level Annotations

Branches:
Dungeon (4/15)
 Temple: D:4-7

Altars:
Uskayaw


Innate Abilities, Weirdness & Mutations

You are resistant to damage.
You can heal yourself by infusing magical energy.
You passively map a small area around you.
You do not regenerate.


Message History

You closely miss the frilled lizard.
The frilled lizard is heavily wounded.
You closely miss the quokka. You hit the black bear.
The black bear completely misses you. The black bear claws you. x2
The quokka bites you. You block the frilled lizard's attack.
The black bear bites you but does no damage.
You block the black bear's attack.
The black bear claws you but does no damage.
You hit the frilled lizard.
You kill the frilled lizard!
You slash the black bear! You hit the quokka.
The quokka bites you but does no damage.
You block the quokka's attack.
The black bear bites you but does no damage.
The black bear claws you but does no damage. x2
Some of the chunks of flesh in your inventory have rotted away.
You fail to use your ability.
The quokka bites you but does no damage.
The ogre hits you with a +0 giant club!!
You die...

###..........# #
#........รท.##.##.#
###
#.#......#.#...#.#....
# #.##.###............
#. #.###..#..#.[....
#.*#.....###........ ,
#####..#.###..... ,
.........# *,#.#.
.......@.# ,*#
,,......Orh# *,
.####...## , , #.....
, ......#* * ,
.##.#..# , ., #>#..# *
#.#..# * , ,


You could see a black bear, an ogre and a quokka.

Vanquished Creatures
  2 howler monkeys (D:4)
  2 worker ants (D:4)
  2 adders
  An adder skeleton (D:4)
  2 leopard geckos (D:1)
  3 orcs (D:4)
  4 bats
  2 frilled lizards
  A kobold (D:1)
  2 rats (D:2)
21 creatures vanquished.

Notes
Turn   | Place    | Note
-------+----------+-------------------------------------------
     0 | D:1      | Flugslaktarn the Deep Dwarf Fighter began the quest for the
                  | Orb.
     0 | D:1      | Reached XP level 1. HP: 20/20 MP: 1/1
   179 | D:2      | Reached XP level 2. HP: 22/27 MP: 2/2
   327 | D:4      | Reached XP level 3. HP: 27/34 MP: 2/2
   358 | D:4      | Found a hide-covered altar of Uskayaw.
   371 | D:4      | Reached XP level 4. HP: 31/42 MP: 3/3
   443 | D:4      | Noticed a black bear
   445 | D:4      | Reached XP level 5. HP: 26/49 MP: 4/4
   446 | D:4      | Noticed an ogre
   454 | D:4      | Slain by an ogre

Illustrated notes

Levels and vault maps discovered:
D:1:      dpeg_arrival_rooms_a, layout_basic
D:2:      layout_basic, nicolae_overflow_crystal_walls, uniq_jessica,
          uniq_terence
D:3:      layout_basic, lemuel_crystal_altar, gammafunk_ghost_nasty_kobolds
D:4:      layout_loops_ring, eat_drink_and_be_merry_uskayaw,
          minmay_temple_entry_ruins

Skill      XL: |  1  2  3  4 |
---------------+-------------+-----
Fighting       | 3 |  3.4
Axes           | 3 4 |  4.1
Armour         | 4 |  4.1
Shields        | 4 |  4.1

Action                   |  1- 3 |  4- 6 || total
-------------------------+-------+-------++-------
Melee: War axe           |    81 |    35 ||   116
 Abil: Heal Wounds       |     1 |     1 ||     2
Armor: Chain mail        |    56 |    39 ||    95
       Scale mail        |     6 |       ||     6
Dodge: Dodged            |    23 |     7 ||    30
Block: Kite shield       |    39 |    35 ||    74

Table legend:
 A = Non-vault XP
 B = Vault XP
 C = Vault XP percentage of total XP
 D = Non-vault monster count
 E = Vault monster count
 F = Vault count percentage of total count
                 A         B        C        D         E       F
            +---------+---------+-------+---------+---------+-------
      Total |     229 |       0 |   0.0 |      21 |       0 |   0.0
            +---------+---------+-------+---------+---------+-------
        D:1 |       7 |       0 |   0.0 |       3 |       0 |   0.0
        D:2 |       7 |       0 |   0.0 |       6 |       0 |   0.0
        D:3 |      14 |       0 |   0.0 |       2 |       0 |   0.0
        D:4 |     201 |       0 |   0.0 |      10 |       0 |   0.0
            +---------+---------+-------+---------+---------+-------
